 Dungeon Crawl Stone Soup version 0.28.0 (webtiles) character file.

Game seed: 8535498061306664841

972 Dropboy the Skirmisher (level 7, -10/64 HPs)
             Began as a Minotaur Berserker on June 26, 2022.
             Was a Believer of Trog.
             Mangled by Jonnyslop's ghost (11 damage)
             ... on level 5 of the Dungeon.
             The game lasted 00:31:52 (4507 turns).

Dropboy the Skirmisher (Minotaur Berserker)         Turns: 4507, Time: 00:31:52

Health: -10/64     AC:  7    Str: 23    XL:     7   Next: 94%
Magic:  6/6        EV: 16    Int:  4    God:    Trog [**....]
Gold:   199        SH:  0    Dex: 10    Spells: 6/6 levels left

rFire   . . .      SeeInvis .   r - +0 broad axe
rCold   . . .      Faith    .   (no shield)
rNeg    . . .      Spirit   .   h - +0 ring mail {Will+}
rPois   .          Reflect  .   (helmet restricted)
rElec   .          Harm     .   i - +0 cloak
rCorr   .          Rampage  .   (no gloves)
Will    +....                   (no boots)
Stlth   +.........              (no amulet)
HPRegen 0.20/turn               n - +4 ring of evasion
MPRegen 0.10/turn               (no ring)

@: about to teleport, slowed, very slow
A: horns 2, retaliatory headbutt
a: Renounce Religion, Berserk, Trog's Hand


You were on level 5 of the Dungeon.
You worshipped Trog.
Trog was pleased with you.
You visited 1 branch of the dungeon, and saw 5 of its levels.

You collected 199 gold pieces.

Inventory:

Hand Weapons
 a - a +0 mace
 b - a +1 dagger of holy wrath
 e - a +2 dagger of venom
 g - a +0 hand axe
 r - a +0 broad axe (weapon)
 u - the +6 rapier of Infection {antimagic, rPois}
   (You found it on level 2 of the Dungeon)

   It reduces the magical energy of the wielder, and disrupts the spells and
   magical abilities of those it strikes.
   Natural abilities and divine invocations are not affected.
   rPois:     It protects you from poison.
Missiles
 f - 167 stones (quivered)
 s - 2 throwing nets
 t - 61 arrows
 w - 2 boomerangs
Armour
 h - a +0 ring mail of willpower (worn)
 i - a +0 cloak (worn)
 o - a +0 plate armour
Jewellery
 n - a +4 ring of evasion (left hand)
Scrolls
 l - a scroll of identify
 m - a scroll of vulnerability
Potions
 c - a potion of resistance
 d - 2 potions of degeneration {unknown}
 k - a potion of haste {unknown}
 q - a potion of magic
 v - 2 potions of heal wounds {unknown}
 x - 2 potions of flight


   Skills:
 * Level 6.6 Fighting
 * Level 4.3(5.7) Axes
 + Level 5.6(6.7) Maces & Flails
 + Level 3.0(4.7) Staves
 + Level 4.2 Armour
 + Level 3.8 Dodging
 + Level 2.3 Stealth


You had 6 spell levels left.
You didn't know any spells.
Your spell library contained the following spells:

 Spells                   Type           Power      Damage    Failure   Level
 Foxfire                  Conj/Fire      0%         2x1d4     65%         1
 Sandblast                Erth           0%         2d4       65%         1
 Passwall                 Tmut/Erth      0%         N/A       78%         2
 Conjure Flame            Conj/Fire      0%         6-21      95%         3
 Inner Flame              Hex/Fire       0%         N/A       95%         3
 Stone Arrow              Conj/Erth      0%         3d7       95%         3
 Flame Wave               Conj/Fire      0%         2d4       100%        4
 Chain Lightning          Conj/Air       0%         N/A       100%        9
 Fire Storm               Conj/Fire      0%         5d1       100%        9
 Shatter                  Erth           0%         3d5*      100%        9


Dungeon Overview and Level Annotations

Branches:
Dungeon (5/15)             Temple (0/1) D:5

Altars:
The Shining One

Annotations:
D:5 Caterwaul's ghost, novice DsCj; Jonnyslop's ghost, novice GrFi


Innate Abilities, Weirdness & Mutations

You have a pair of horns on your head.
You reflexively headbutt those who attack you in melee.


Message History

You furiously retaliate!
You headbutt Jonnyslop's ghost.
Caterwaul's ghost points at you and mumbles some strange words.
You feel yourself slow down.
You slash Caterwaul's ghost! Your headbutt misses Caterwaul's ghost.
Caterwaul's ghost is moderately damaged.
You completely miss Jonnyslop's ghost. Jonnyslop's ghost misses you.
Caterwaul's ghost barely misses you.
Jonnyslop's ghost hits you but does no damage.
You are poisoned.
Caterwaul's ghost hits you!
You feel better. Jonnyslop's ghost closely misses you.
Caterwaul's ghost hits you.
You hit Caterwaul's ghost. You headbutt Caterwaul's ghost!
Caterwaul's ghost is moderately damaged.
You barely miss Jonnyslop's ghost. Jonnyslop's ghost misses you.
Caterwaul's ghost hits you.
Jonnyslop's ghost hits you but does no damage.
Caterwaul's ghost misses you.
You barely miss Caterwaul's ghost.
Caterwaul's ghost is moderately damaged.
You hit Jonnyslop's ghost but do no damage.
Jonnyslop's ghost whispers, "Death is liberation."
Jonnyslop's ghost completely misses you.
Caterwaul's ghost casts a spell at you.
The magic dart hits you but does no damage.
Jonnyslop's ghost misses you. You furiously retaliate!
You headbutt Jonnyslop's ghost, but do no damage.
Caterwaul's ghost hits you but does no damage.
You hit Caterwaul's ghost but do no damage.
Caterwaul's ghost is moderately damaged.
You hit Jonnyslop's ghost. Jonnyslop's ghost hits you!
Caterwaul's ghost hits you!
* * * LOW HITPOINT WARNING * * *
Jonnyslop's ghost barely misses you.
Caterwaul's ghost gestures at you while chanting.
The magic dart hits you!
* * * LOW HITPOINT WARNING * * *
As you read the scroll of teleportation, it crumbles to dust.
You feel strangely unstable. Jonnyslop's ghost hits you!
You die...

....#.##...)##
....)........#
...####......## ...#
##......# .....
##.##...##
#..#.##..##....###
#.##.............####
.......###..........#
.# ........#....@...#
........####WW'###
........#♣.[.....♣
........#⌠.......⌠#
##......#♣.......♣#
#.......#).......$#
##......##8.....8##
#.####.###(♣⌠♣$##
.##..##....#######


You could see Caterwaul's ghost and Jonnyslop's ghost.

Vanquished Creatures
  Pikel (D:5)
  2 ogres
  A lemure (D:5)
  A bullfrog (D:5)
  A scorpion (D:5)
  A centaur zombie (D:5)
  A hound (D:4)
  A hound skeleton (D:4)
  5 adders
  2 dart slugs (D:3)
  3 orcs
  8 endoplasms
  5 giant cockroaches
  8 goblins
  10 hobgoblins
  10 kobolds
  4 quokkas
  3 ball pythons
  6 bats
  2 frilled lizards
  8 rats
83 creatures vanquished.

Notes
Turn   | Place    | Note
-------+----------+-------------------------------------------
     0 | D:1      | Dropboy the Minotaur Berserker began the quest for the Orb.
     0 | D:1      | Reached XP level 1. HP: 19/19 MP: 0/0
   127 | D:1      | Reached XP level 2. HP: 22/27 MP: 1/1
   130 | D:1      | Reached skill level 4 in Fighting
  1138 | D:2      | Reached XP level 3. HP: 33/33 MP: 2/2
  1145 | D:2      | Reached ** piety under Trog
  1493 | D:2      | Identified the +6 rapier of Infection {antimagic, rPois}
  1867 | D:2      | Found a faded altar of an unknown god.
  2151 | D:2      | Reached XP level 4. HP: 41/41 MP: 3/3
  2438 | D:3      | Reached skill level 1 in Axes
  3047 | D:4      | Reached skill level 1 in Staves
  3047 | D:4      | Reached XP level 5. HP: 45/47 MP: 4/4
  3052 | D:4      | Reached skill level 5 in Fighting
  3468 | D:4      | Noticed an ogre
  3472 | D:4      | Killed an ogre
  3473 | D:4      | Reached skill level 1 in Stealth
  3887 | D:4      | Found a glowing golden altar of the Shining One.
  4300 | D:5      | Entered Level 5 of the Dungeon
  4308 | D:5      | Noticed an ogre
  4315 | D:5      | Killed an ogre
  4316 | D:5      | Reached skill level 5 in Maces & Flails
  4316 | D:5      | Reached XP level 6. HP: 43/56 MP: 5/5
  4341 | D:5      | Found a staircase to the Ecumenical Temple.
  4389 | D:5      | Noticed Pikel
  4406 | D:5      | Killed Pikel
  4407 | D:5      | Reached skill level 6 in Fighting
  4407 | D:5      | Reached XP level 7. HP: 44/64 MP: 6/6
  4428 | D:5      | Found a runed translucent gate.
  4428 | D:5      | Found a runed translucent gate.
  4428 | D:5      | Found a runed translucent gate.
  4433 | D:5      | Noticed Caterwaul's ghost (novice DsCj)
  4433 | D:5      | Noticed Jonnyslop's ghost (novice GrFi)
  4506 | D:5      | HP: 1/64 [Caterwaul's ghost/magic dart (9)]
  4507 | D:5      | Mangled by Jonnyslop's ghost

Illustrated notes

Levels and vault maps discovered:
D:1:      elethiomel_arrival_shortcut, layout_rooms, minmay_pentomino_v4
D:2:      layout_basic, shapermc_ecumenical_altar_pompeii,
          mrwooster_statue_mirror
D:3:      minmay_inner_zag, layout_basic
D:4:      layout_loops_corners, kennysheep_mini_moat
D:5:      layout_cave_pools, minmay_temple_entry_poolview,
          gammafunk_ghost_cemetery, uniq_pikel

Skill      XL: |  1  2  3  4  5  6  7 |
---------------+----------------------+-----
Fighting       | 4 5 6 |  6.6
Maces & Flails | 4 5 |  5.6
Axes           | 1 2 4 |  4.3
Staves         | 1 2 3 |  3.0
Armour         | 3 4 |  4.2
Dodging        | 3 |  3.8
Stealth        | 1 2 |  2.3

Action                   |  1- 3 |  4- 6 |  7- 9 || total
-------------------------+-------+-------+-------++-------
Melee: Mace              |    33 |       |       ||    33
       Headbutt          |    15 |    14 |     1 ||    30
       Dagger            |    10 |       |       ||    10
       Hand axe          |    48 |    60 |       ||   108
       Broad axe         |       |    15 |     9 ||    24
Invok: Berserk           |       |     1 |       ||     1
  Use: Scroll            |     5 |     4 |     1 ||    10
       Potion            |       |       |     1 ||     1
Armor: Animal skin       |     7 |       |       ||     7
       Plate armour      |    44 |    23 |       ||    67
       Ring mail         |       |     9 |     7 ||    16
Dodge: Dodged            |    65 |    57 |    19 ||   141
